 Dungeon Crawl Stone Soup version 0.28.0-53-g5a82cb258f (webtiles) character file.

Game seed: 5330327844784552858

42 jamesp the Sneak (level 3, -6/18 HPs)
             Began as a Vine Stalker Brigand on Aug 1, 2022.
             Splashed by a jelly's acid (9 damage)
             ... on level 3 of the Dungeon.
             The game lasted 00:06:14 (1521 turns).

jamesp the Sneak (Vine Stalker Brigand)             Turns: 1521, Time: 00:06:14

Health: -6/18      AC: -1    Str: 13    XL:     3   Next: 54%
Magic:  0/4        EV: 12    Int: 11    God:
Gold:   109        SH:  0    Dex: 17    Spells: 2/2 levels left

rFire   . . .      SeeInvis +   a - +2 dagger
rCold   . . .      Faith    .   (no shield)
rNeg    . . .      Spirit   +   b - +0 robe
rPois   +          Reflect  .   (no helmet)
rElec   .          Harm     .   c - +0 cloak
rCorr   .          Rampage  .   (no gloves)
Will    .....                   (no boots)
Stlth   +++.......              f - amulet of regeneration
HPRegen 0.86/turn               l - ring of see invisible
MPRegen 0.09/turn               n - ring of poison resistance

@: corroded
A: fangs 2, magic shield, antimagic bite, no potion heal 2
a: no special abilities


You were on level 3 of the Dungeon.
You visited 1 branch of the dungeon, and saw 4 of its levels.

You collected 109 gold pieces.

Inventory:

Hand Weapons
 a - a +2 dagger (weapon)
Missiles
 d - 10 poisoned darts
 e - 2 curare-tipped darts
 i - 38 stones (quivered)
 o - 20 sling bullets
Armour
 b - a +0 robe (worn)
 c - a +0 cloak (worn)
Jewellery
 f - an amulet of regeneration (around neck)
 l - a ring of see invisible (left hand)
 n - a ring of poison resistance (right hand)
 q - a ring of willpower
Scrolls
 g - a scroll of teleportation {unknown}
 m - a scroll of identify {unknown}
 p - a scroll of blinking {unknown}
Potions
 h - a potion of heal wounds {unknown}
 j - a potion of cancellation {unknown}
 k - a potion of brilliance {unknown}


   Skills:
 - Level 1.7 Fighting
 + Level 2.4 Short Blades
 - Level 1.7 Throwing
 + Level 1.5 Dodging
 + Level 5.4 Stealth


You had 2 spell levels left.
You didn't know any spells.
Your spell library was empty.

Dungeon Overview and Level Annotations

Branches:
Dungeon (4/15)
 Temple: D:4-7

Altars:


Innate Abilities, Weirdness & Mutations

You have extremely sharp teeth.
When hurt, damage is shared between your health and your magic reserves.
Your bite disrupts and absorbs the magic of your enemies.
Potions cannot restore your health.


Message History

Found a stone staircase leading down.
There is a stone staircase leading down here.
Your library has no spells.
You climb downwards.
Found a notched marble ring.
There is a stone staircase leading up here.
The helpless ball python fails to defend itself.
You impale the ball python!!
You kill the ball python!
q - a ring of willpower
There is a stone staircase leading up here.
You climb upwards.
There is a stone staircase leading down here.
You open the door.
There is an open door here.
Found a spear.
A jelly comes into view.
You see here a +0 spear.
Throw: 40 stones
Press: ? - help, Q - select action, (/) - cycle Shift-Dir - straight line, f - jelly
Aim: a jelly (89% to hit)
You throw a stone. The stone hits the jelly.
The jelly is moderately wounded.
Throw: 39 stones
Press: ? - help, Q - select action, (/) - cycle Shift-Dir - straight line, f/p - jelly
Aim: a jelly (moderately wounded, 89% to hit)
You throw a stone.
The stone hits the jelly but does no damage.
The jelly is moderately wounded.
You hit the jelly.
Your hands burn!
You bite the jelly. You drain its power.
The jelly is heavily wounded.
The jelly hits you.
You are splashed with acid!
You hit the jelly.
Your hands burn!
* * * LOW HITPOINT WARNING * * *
The jelly is almost dead.
The jelly hits you.
* * * LOW HITPOINT WARNING * * *
The acid corrodes you!
You are splashed with acid!
Ouch! That really hurt!
You die...

# #.# #.. # #.#
#.# #.# #
##.#####.##.#.#
####.........#.#.#
.).........>.#.#.#
####.........#.#(#
..........#'##.#.#
#'###.###.#.##.#J#
#..##.###.#.##.#@#
#..#...........).#
#..#######..##.###
#..# #...#.# #..#
#...#.# 8..8
#...#.# ....
#...#.# .##..
#.)<#.# #..##.#


You could see a jelly.

Vanquished Creatures
  A dart slug (D:1)
  6 ball pythons
  An endoplasm (D:1)
  A giant cockroach (D:2)
  2 goblins
  7 hobgoblins
  7 bats
  3 frilled lizards
  6 kobolds
  4 rats
38 creatures vanquished.

Notes
Turn   | Place    | Note
-------+----------+-------------------------------------------
     0 | D:1      | jamesp the Vine Stalker Brigand began the quest for the
                  | Orb.
     0 | D:1      | Reached XP level 1. HP: 11/11 MP: 2/2
    37 | D:1      | Found a faded altar of an unknown god.
   119 | D:1      | Reached skill level 1 in Dodging
   149 | D:1      | Reached skill level 5 in Stealth
   167 | D:1      | Reached XP level 2. HP: 15/15 MP: 1/3
   929 | D:2      | Reached XP level 3. HP: 18/18 MP: 4/4
  1521 | D:3      | Splashed by a jelly's acid

Illustrated notes

Levels and vault maps discovered:
D:1:      dpeg_arrival_long_road, layout_loops_ring,
          dilly_ecumenical_altar_fadedgnrine
D:2:      layout_loops_cross, grunt_ministairs_12, st_stairs_6, minivault_14
D:3:      minmay_chambers_of_twos, layout_basic, serial_shops, shop
D:4:      layout_layer_cave, makhleb_heckhound_becter

Skill      XL: |  1 |
---------------+----+-----
Dodging        | 1 |  1.5
Stealth        | 5 |  5.4
Short Blades   | 2 |  2.4
Fighting       | |  1.7
Throwing       | |  1.7

Action                   || total
-------------------------++-------
Melee: Dagger            ||    89
       Bite              ||    19
Throw: Stone             ||    11
 Stab: Sleeping          ||     7
Armor: Robe              ||    23
Dodge: Dodged            ||    49
